 Dungeon Crawl Stone Soup version 0.21.1-1-g345015f (webtiles) character file.

207 kae the Chopper (level 5, -2/47 HPs)
             Began as a Hill Orc Fighter on June 17, 2018.
             Slain by an ogre
             ... wielding a +0 giant club
              (18 damage)
             ... on level 4 of the Dungeon.
             The game lasted 00:02:16 (2727 turns).

kae the Chopper (Hill Orc Fighter)                  Turns: 2727, Time: 00:02:17

Health: -2/47      AC: 10    Str: 20    XL:     5   Next: 85%
Magic:  5/5        EV:  8    Int:  8    God:
Gold:   156        SH:  9    Dex: 10    Spells: 4/4 levels left

rFire    . . .     SeeInvis .   a - +0 war axe
rCold    . . .     Gourm    .   c - +0 shield
rNeg     + . .     Faith    .   b - +0 scale mail
rPois    +         Spirit   .   e - +0 helmet
rElec    .         Reflect  .   (no cloak)
rCorr    .         Harm     .   (no gloves)
MR       .....                  l - +1 pair of boots
Stlth    ..........             m - amulet of rage
HPRegen  0.15/turn              k - ring of positive energy
MPRegen  0.09/turn              h - ring of poison resistance

@: no status effects
A: no striking features
a: Evoke Berserk Rage


You were on level 4 of the Dungeon.
You were hungry.

You visited 1 branch of the dungeon, and saw 4 of its levels.

You collected 156 gold pieces.

Inventory:

Hand Weapons
 a - a +0 war axe (weapon)
Armour
 b - a +0 scale mail (worn)
 c - a +0 shield (worn)
 e - a +0 helmet (worn)
 l - a +1 pair of boots (worn)
Jewellery
 h - a ring of poison resistance (right hand)
 k - a ring of positive energy (left hand)
 m - an amulet of rage (around neck)
Scrolls
 i - 2 scrolls of identify
 o - a scroll of teleportation {unknown}
Potions
 d - a potion of might
 g - a potion of curing
 j - a potion of lignification
 n - a potion of resistance {unknown}
 p - a potion of degeneration {unknown}
Comestibles
 f - 7 rations
 q - 8 chunks of flesh


   Skills:
 + Level 4.6 Fighting
 * Level 5.3 Axes
 + Level 4.2 Armour
 + Level 1.7 Dodging
 - Level 3.2 Shields


You had 4 spell levels left.
You didn't know any spells.

Dungeon Overview and Level Annotations

Branches:
Dungeon (4/15)
 Temple: D:4-7

Altars:
Dithmenos
Gozag
Nemelex Xobeh
Ru
Xom


Message History

You are too injured to fight recklessly!
You hit the ogre.
The ogre is moderately wounded.
You block the ogre's attack.
Your shield and scale mail prevent you from hitting the ogre.
The ogre is moderately wounded.
The ogre barely misses you.
You hit the ogre.
The ogre is moderately wounded.
The ogre misses you.
You hit the ogre.
The ogre is heavily wounded.
The ogre hits you with a giant club.
You slash the ogre!
The ogre is almost dead.
The ogre closely misses you.
You barely miss the ogre.
The ogre is almost dead.
The ogre hits you with a giant club!!
You die...

****** ################## ,,,,,*
#................. ,,,,,*
#.###############. ,,,,,*
#.#,,,,,,,,,,,#... ,,,,,*
#.#.###******,#.#. ******
#.#.#..<,,,,*,#.#.
#.#.#.#,***,*,#.#.
#.#.#.#,,,,,*,#.#. #****
#@#.#.#######.#.#. #..,*
#O#.#.#.......#.#.
**#...##########s#.#.#.#######.#.
,,...........s..l........>...#.#.
,,..........l.......#####.##.#.#.
**#...##########.#...........#.#.
#.,,* #.##.#####.####.#. ***,,,**
#...............#. ,,,,,,,*
######.........######.


You could see an ogre, a scorpion and a frilled lizard.

Vanquished Creatures
  Jessica (D:3)
  A worker ant (D:4)
  5 adders
  A gnoll (D:1)
  An ooze (D:3)
  3 worms
  A dart slug (D:1)
  2 leopard geckos
  5 orcs (D:4)
  A giant cockroach (D:1)
  12 hobgoblins
  8 jackals
  11 kobolds
  A ball python (D:2)
  7 bats
  3 frilled lizards
  10 goblins
  6 rats
  A bush (D:2)
  A plant (D:2)
81 creatures vanquished.

Notes
Turn   | Place    | Note
-------+----------+-------------------------------------------
     0 | D:1      | kae the Hill Orc Fighter began the quest for the Orb.
     0 | D:1      | Reached XP level 1. HP: 19/19 MP: 1/1
    47 | D:1      | Reached skill level 3 in Axes
    48 | D:1      | Reached XP level 2. HP: 26/27 MP: 2/2
   266 | D:1      | Reached XP level 3. HP: 28/33 MP: 3/3
   568 | D:1      | Found a basalt altar of Yredelemnul.
   570 | D:1      | Found a shimmering altar of Xom.
   570 | D:1      | Found a shimmering altar of Xom.
   572 | D:1      | Found a shimmering altar of Xom.
   572 | D:1      | Found a shadowy altar of Dithmenos.
   572 | D:1      | Found a sparkling altar of Nemelex Xobeh.
   627 | D:1      | Reached skill level 1 in Dodging
   828 | D:2      | Reached skill level 4 in Axes
   905 | D:2      | Reached XP level 4. HP: 40/40 MP: 4/4
  1865 | D:3      | Reached XP level 5. HP: 38/47 MP: 5/5
  1935 | D:3      | Found a faded altar of an unknown god.
  2131 | D:3      | Noticed Jessica
  2134 | D:3      | Killed Jessica
  2134 | D:3      | Reached skill level 5 in Axes
  2345 | D:3      | Found a sacrificial altar of Ru.
  2348 | D:3      | Found a shadowy altar of Dithmenos.
  2353 | D:3      | Found a shimmering altar of Xom.
  2356 | D:3      | Found an opulent altar of Gozag.
  2706 | D:4      | Noticed an ogre
  2727 | D:4      | Slain by an ogre

Skill      XL: |  1  2  3  4  5 |
---------------+----------------+-----
Axes           | 3 4 5 |  5.3
Fighting       | 4 |  4.6
Dodging        | 1 |  1.7
Armour         | 4 |  4.2
Shields        | |  3.2

Action                   |  1- 3 |  4- 6 || total
-------------------------+-------+-------++-------
Melee: War axe           |   117 |   200 ||   317
  Use: Scroll            |       |     4 ||     4
  Eat: Chunk             |       |     6 ||     6
Armor: Scale mail        |    62 |    54 ||   116
Dodge: Dodged            |    35 |    48 ||    83
Block: Shield            |    81 |    86 ||   167
